[Event "Marmaris PHYSKOS GM 2018"]
[Site "Icmeler"]
[Date "2018.11.18"]
[Round "5.4"]
[White "Yurtseven, Melih"]
[Black "Quparadze, Giga"]
[Result "1-0"]
[ECO "A05"]
[WhiteElo "2397"]
[BlackElo "2509"]
[Annotator "ChessBase"]
[PlyCount "173"]
[EventDate "2018.11.16"]
[EventType "schev"]
[EventCountry "TUR"]
[SourceTitle "playchess.com"]
[Source "ChessBase"]
[SourceQuality "1"]
[TimeControl "5400+30"]

1. Nf3 Nf6 2. g3 b5 3. Bg2 Bb7 4. O-O c5 5. d3 d6 6. a4 b4 7. Nbd2 e6 8. e4 Be7 9. Re1 Nfd7 10. Nc4 O-O 11. a5 Nc6 12. Bf4 e5 13. Be3 Ba6 14. Nfd2 Re8 15. f4 Rc8 16. Rf1 exf4 17. gxf4 Bf8 18. Bf2 Nf6 19. Bh4 Be7 20. Ne3 Nd5 21. exd5 Bxh4 22. Ne4 Nd4 23. f5 Bg5 24. Ng4 b3 25. c3 Nc2 26. f6 Rxe4 27. Bxe4 g6 28. h4 Be3+ 29. Nxe3 Nxe3 30. Qd2 Nxf1 31. Rxf1 Qf8 32. h5 Kh8 33. Rf3 Rc7 34. Qf4 Bc8 35. Rg3 Bd7 36. hxg6 fxg6 37. Bxg6 Be8 38. Bxe8 Qxe8 39. Kf2 Qf8 40. Re3 a6 41. Re6 Rd7 42. Qe4 Rd8 43. c4 Qf7 44. Qf5 Rd7 45. Qe4 Rd8 46. Qf5 Rd7 47. Qg5 Qf8 48. Ke3 Rf7 49. Kf3 Rd7 50. Ke4 Rf7 51. Kf5 Qc8 52. Qg3 Rd7 53. Qg4 Rf7 54. Qh4 Qf8 55. Qe4 Qc8 56. Qe2 Qf8 57. Qh5 Kg8 58. Qg4+ Kh8 59. Qg3 Rd7 60. Ke4 Rd8 61. Qg5 Rd7 62. d4 cxd4 63. Kxd4 Rf7 64. Qf4 Rd7 65. Qg3 Qb8 66. Qe1 Rd8 67. Kd3 Rf8 68. Qg3 Rf7 69. Qxd6 Qg8 70. Qf4 Qg6+ 71. Qe4 Qg3+ 72. Qe3 Qg6+ 73. Kd4 Rf8 74. d6 Qg4+ 75. Qe4 Qg5 76. Qe5 Qd2+ 77. Ke4 Qe2+ 78. Kd4 Qxb2+ 79. Kc5 Qa3+ 80. Kd4 Qa1+ 81. Kd5 Qxa5+ 82. c5 Qd2+ 83. Kc6 Qg2+ 84. Kc7 h6 85. f7+ Kh7 86. Qf5+ Kh8 87. Rxh6+ 1-0

[Event "Marmaris PHYSKOS GM 2018"]
[Site "Icmeler"]
[Date "2018.11.18"]
[Round "5.5"]
[White "Ozer, Omer Faruk"]
[Black "Odeev, Handszar"]
[Result "1/2-1/2"]
[ECO "B23"]
[WhiteElo "2373"]
[BlackElo "2406"]
[Annotator "ChessBase"]
[PlyCount "85"]
[EventDate "2018.11.16"]
[EventType "schev"]
[EventCountry "TUR"]
[SourceTitle "playchess.com"]
[Source "ChessBase"]
[SourceQuality "1"]
[TimeControl "5400+30"]

1. e4 c5 2. Nc3 g6 3. h4 h5 4. d4 cxd4 5. Qxd4 Nf6 6. Bg5 Nc6 7. Qd2 Bg7 8. f3 d6 9. O-O-O Bd7 10. Bc4 Na5 11. Bb3 Nxb3+ 12. cxb3 b5 13. Kb1 b4 14. Na4 Qa5 15. Ne2 Bxa4 16. bxa4 Qxa4 17. Nd4 Rc8 18. Rde1 Nd7 19. Rc1 Nc5 20. Rc4 Qd7 21. Rhc1 O-O 22. Rxb4 Rb8 23. Rc2 a5 24. Rbc4 a4 25. Bh6 Bxh6 26. Qxh6 Rfc8 27. g4 Nd3 28. Rxc8+ Rxc8 29. gxh5 Rxc2 30. Kxc2 Nb4+ 31. Kb1 Qh3 32. Qc1 e5 33. Nc2 Nd3 34. Qd1 Nf2 35. Qe2 Qh1+ 36. Ne1 Nd3 37. Qxd3 Qxe1+ 38. Kc2 Qf2+ 39. Kc1 Qc5+ 40. Kd1 Qg1+ 41. Kc2 Qc5+ 42. Kd1 Qg1+ 43. Kc2 1/2-1/2

[Event "Marmaris PHYSKOS GM 2018"]
[Site "Icmeler"]
[Date "2018.11.18"]
[Round "6.4"]
[White "Odeev, Handszar"]
[Black "Yurtseven, Melih"]
[Result "1/2-1/2"]
[ECO "B81"]
[WhiteElo "2406"]
[BlackElo "2397"]
[Annotator "ChessBase"]
[PlyCount "97"]
[EventDate "2018.11.16"]
[EventType "schev"]
[EventCountry "TUR"]
[SourceTitle "playchess.com"]
[Source "ChessBase"]
[SourceQuality "1"]
[TimeControl "5400+30"]

1. e4 c5 2. Nf3 d6 3. d4 cxd4 4. Nxd4 Nf6 5. Nc3 e6 6. g4 h6 7. h4 Nc6 8. Rg1 Nd7 9. g5 hxg5 10. hxg5 Nxd4 11. Qxd4 Ne5 12. Be2 Nc6 13. Qd3 g6 14. Be3 a6 15. O-O-O Qa5 16. Rh1 Rxh1 17. Rxh1 Bd7 18. f4 Nb4 19. Qc4 Rc8 20. Qb3 Bg7 21. a3 Nxc2 22. Qxc2 Bxc3 23. Kb1 Bg7 24. Qb3 Qa4 25. Qxa4 Bxa4 26. Bd3 Bc6 27. Bc2 Ke7 28. Rh7 Kf8 29. Rh2 d5 30. e5 Kg8 31. Bb6 Bf8 32. a4 Bb4 33. Rh3 Kg7 34. b3 Bd2 35. Be3 Bc3 36. Bc5 d4 37. Be7 Rg8 38. Kc1 Bg2 39. Rg3 Bd5 40. Kd1 a5 41. Ke2 Bb4 42. Bf6+ Kf8 43. Rh3 Bc3 44. Rh2 Ke8 45. Rh7 Bb4 46. Kd3 Bc3 47. Ke2 Bb4 48. Kd3 Bc3 49. Ke2 1/2-1/2

[Event "Marmaris PHYSKOS GM 2018"]
[Site "Icmeler"]
[Date "2018.11.18"]
[Round "6.5"]
[White "Simantsev, Mikhail"]
[Black "Ozer, Omer Faruk"]
[Result "1-0"]
[ECO "E83"]
[WhiteElo "2403"]
[BlackElo "2373"]
[Annotator "ChessBase"]
[PlyCount "95"]
[EventDate "2018.11.16"]
[EventType "schev"]
[EventCountry "TUR"]
[SourceTitle "playchess.com"]
[Source "ChessBase"]
[SourceQuality "1"]
[TimeControl "5400+30"]

1. d4 Nf6 2. c4 g6 3. f3 Bg7 4. e4 d6 5. Nc3 O-O 6. Be3 Nc6 7. Qd2 a6 8. Rc1 Bd7 9. Nd1 Re8 10. Ne2 e6 11. Nf2 Qe7 12. g3 b5 13. Bg2 bxc4 14. O-O Red8 15. Rxc4 d5 16. Rc5 e5 17. Rfc1 exd4 18. Nxd4 Nxd4 19. Bxd4 c6 20. exd5 cxd5 21. Qc3 Rac8 22. b4 Ne8 23. Nd3 Bf5 24. Nf4 Rxc5 25. bxc5 g5 26. Nh3 Bxd4+ 27. Qxd4 Nc7 28. g4 Bg6 29. f4 Ne6 30. Qe5 gxf4 31. Nxf4 Qc7 32. Qxc7 Nxc7 33. Nxd5 Nxd5 34. Rd1 Rb8 35. Bxd5 Kf8 36. Bb3 Rc8 37. Rc1 Ke7 38. Kf2 Kd7 39. Kf3 h5 40. g5 Kc7 41. Re1 Kc6 42. Ba4+ Kd5 43. c6 Kc5 44. Rc1+ Kb4 45. Bb3 Rc7 46. Kf4 Kb5 47. Ke5 Rc8 48. c7 1-0